Map: Prion Terraces

Players

MorN

  • Race: Terran Terran
  • League: Diamond

ZeRgWaVe - Winner!

  • Race: Zerg Zerg
  • League: Grandmaster

VOD

Have the link to the VOD?

Description

Time

  • Played on: Nov. 17, 2015, 5:58 p.m.
  • Length: 14:46
Show
View Real Time Build Order
Export as new Build Order

MorN Terran 

Build Orders: Liberator Opening, Reaper Expand, MMM Bio 

Get SALT Encoding   

  12  0:00  SCV  
  13  0:13  SCV  
  14  0:17  Supply Depot  
  14  0:25  SCV  
  15  0:39  SCV  
  15  0:40  Barracks  
  16  0:45  Refinery  
  16  0:51  SCV  
  17  1:03  SCV  
  18  1:21  SCV  
  19  1:29  Reaper  
  20  1:34  Orbital Command  
  20  1:41  Command Center  
  20  1:50  Supply Depot  
  20  1:59  SCV  
  21  2:05  Reaper  
  22  2:12  SCV  
  23  2:26  Factory  
  23  2:46  Barracks Reactor  
  23  2:47  SCV  
  24  2:53  Command Center, Refinery  
  24  2:55  Orbital Command  
  24  2:59  SCV  
  25  3:11  SCV  
  26  3:23  SCV, Starport  
  28  3:27  SCV  
  28  3:31  Hellion x2  
  32  3:35  SCV  
  32  3:39  SCV  
  34  3:45  Barracks Tech Lab, Liberator  
  34  3:47  SCV  
  35  3:51  SCV  
  35  3:55  Hellion x2  
  40  4:01  SCV  
  41  4:04  SCV  
  41  4:08  Orbital Command  
  45  4:13  SCV, Marine  
  45  4:15  Stimpack  
  45  4:16  SCV  
  48  4:18  Hellion x2  
  52  4:25  SCV  
  52  4:32  SCV  
  52  4:38  SCV, Supply Depot, Marine  
  54  4:44  SCV  
  56  4:46  Refinery, Barracks  
  56  4:47  Refinery, Factory Reactor, Barracks  
  56  4:48  SCV  
  56  4:52  Engineering Bay, Liberator  
  57  4:56  Engineering Bay  
  56  5:08  Marauder  
  61  5:14  SCV  
  61  5:15  SCV, Bunker  
  61  5:17  Supply Depot, SCV  
  64  5:21  Terran Infantry Weapons Level 1  
  64  5:27  SCV  
  65  5:31  Terran Infantry Armor Level 1  
  65  5:37  SCV  
  65  5:39  Supply Depot  
  65  5:41  Factory Reactor  
  65  5:42  Factory Tech Lab  
  66  5:44  Marine x2  
  66  5:45  Marauder  
  66  5:47  Marine  
  66  5:48  SCV  
  72  5:52  Starport Reactor  
  72  6:04  SCV x2  
  72  6:06  Siege Tank  
  77  6:13  SCV  
  77  6:15  Supply Depot, Marine x2  
  77  6:16  SCV  
  77  6:17  Supply Depot  
  81  6:18  Orbital Command  
  81  6:19  Barracks  
  81  6:20  Barracks  
  81  6:23  Marine x2  
  81  6:24  Marauder  
  85  6:37  SCV, Marine  
  85  6:38  Supply Depot  
  85  6:39  Supply Depot, Marine  
  88  6:40  Supply Depot, Siege Tank, Marine  
  88  6:41  Medivac x2  
  88  6:45  Marauder  
  88  6:46  Marine  
  99  6:50  Supply Depot, Armory  
  99  6:54  Marine  
  99  6:57  Marine  
  99  6:58  Marine  
  99  7:06  Marauder  
  99  7:07  Marine  
  99  7:08  Barracks Reactor, Barracks Tech Lab  
  102  7:09  SCV x2  
  102  7:11  Medivac x2  
  102  7:12  SCV  
  109  7:21  SCV  
  110  7:24  SCV x2  
  110  7:26  Supply Depot, Factory  
  110  7:28  Supply Depot  
  112  7:33  SCV  
  112  7:35  Refinery  
  112  7:36  SCV, Refinery  
  114  7:47  Marine  
  114  7:48  Marauder x2, Terran Infantry Weapons Level 2, Marine  
  120  7:51  Terran Infantry Armor Level 2  
  120  7:55  SCV  
  121  8:04  Marine  
  121  8:05  Marine  
  123  8:06  SCV  
  123  8:10  Combat Shields, Barracks x3, Marauder  
  113  8:24  Marine x2  
  113  8:25  Marauder  
  96  8:29  Marine x2  
  96  8:31  SCV x3, Marauder  
  96  8:33  Supply Depot  
  100  8:35  Supply Depot  
  100  8:37  Marine x2  
  99  8:42  Marine x2  
  99  8:43  Siege Tank  
  99  8:46  Factory Reactor, Marauder  
  99  8:47  Marine  
  107  8:51  Supply Depot  
  107  8:52  Marauder  
  108  9:01  Marine x2  
  108  9:02  Barracks Reactor, Barracks Tech Lab  
  110  9:03  Barracks Tech Lab  
  110  9:04  Barracks Reactor  
  110  9:06  Marine x2  
  110  9:08  SCV  
  110  9:09  SCV  
  114  9:11  SCV  
  114  9:12  Command Center  
  114  9:14  Marine  
  114  9:16  Supply Depot  
  116  9:17  Marine x2  
  116  9:18  Marauder  
  116  9:20  SCV  
  121  9:26  Siege Tank, Widow Mine x2  
  121  9:27  SCV  
  121  9:31  Supply Depot, Marine x2  
  129  9:32  Marauder  
  129  9:34  Marine x2  
  129  9:35  Marauder  
  137  9:39  Marauder  
  137  9:40  Marine x3  
  137  9:42  Supply Depot, Marine x2  
  144  9:46  Terran Vehicle Weapons Level 1  
  144  9:47  Supply Depot, Marine  
  144  9:49  Marine  
  146  9:53  Marauder, Marine  
  146  9:57  Marauder  
  151  10:00  Marauder  
  151  10:06  Marine x4  
  151  10:07  Marine x2  
  156  10:14  Marauder  
  156  10:18  Marauder  
  153  10:22  Medivac x2, Marauder  
  157  10:36  Marauder  
  157  10:38  Marine x3, Liberator  
  157  10:39  Marauder, Marine x2  
  157  10:41  Marine  
  165  10:43  Marauder  
  165  10:48  Widow Mine x2  
  167  10:52  Terran Infantry Armor Level 3  
  167  10:53  Terran Infantry Weapons Level 3  
  167  10:55  Command Center  
  170  10:57  Marauder  
  170  11:01  Marauder  
  174  11:04  Marauder  
  176  11:12  Marine x2  
  178  11:19  Marauder  
  178  11:20  Marine x5  
  178  11:22  Marauder  
  187  11:26  Marauder  
  183  11:34  Marine x2  
  183  11:35  Siege Tank, Widow Mine x2  
  176  11:40  Marauder  
  176  11:42  Missile Turret  
  176  11:44  Missile Turret, Marauder  
  176  11:45  Missile Turret  
  164  11:47  Marauder, Medivac  
  164  11:51  Medivac  
  156  12:01  Marauder  
  156  12:05  Marauder  
  156  12:07  Siege Tank  
  163  12:10  Marine x2  
  164  12:17  Starport, Medivac  
  164  12:21  Medivac  
  163  12:24  Marine  
  163  12:25  Planetary Fortress, Marauder, Marine  
  163  12:29  Refinery x2  
  167  12:35  Marine x3  
  167  12:36  Marauder x2, Marine  
  175  12:37  Widow Mine x2  
  175  12:39  Siege Tank  
  182  12:47  Medivac, Marauder  
  182  12:51  Medivac  
  186  12:52  Marine x2  
  186  12:56  Starport Reactor  
  186  12:57  Marauder  
  192  12:58  Marine x2  
  192  12:59  Marauder, Marine  
  192  13:01  Planetary Fortress  
  197  13:06  Marine x2  
  199  13:17  Medivac  
  197  13:22  Marine x3  
  197  13:23  Marauder  
  200  13:31  Refinery  
  200  13:32  Supply Depot, Missile Turret  
  200  13:45  Command Center  
  185  13:52  Marauder, Marine x2  
  185  13:54  Marine x3  
  185  13:55  Medivac x2, Siege Tank, Marauder x2  
  186  14:09  Marine x3  
  189  14:14  Marauder  
  163  14:23  Marine x2  
  162  14:24  Marauder  
  162  14:25  Marine  
Show
View Real Time Build Order
Export as new Build Order

ZeRgWaVe Zerg - Winner!

Build Orders: Hatch First, Lurkers 

Get SALT Encoding   

  12  0:01  Drone  
  13  0:12  Overlord  
  13  0:17  Drone  
  14  0:30  Drone  
  14  0:31  Drone  
  16  0:49  Hatchery  
  15  0:52  Drone  
  15  0:55  Drone  
  17  0:59  Drone  
  18  1:06  Drone  
  19  1:17  Spawning Pool  
  18  1:23  Drone  
  19  1:40  Hatchery  
  19  1:42  Drone  
  19  1:45  Drone  
  20  1:50  Overlord  
  20  2:04  Queen  
  20  2:05  Zergling x2  
  23  2:09  Zergling x2  
  23  2:13  Queen  
  26  2:15  Drone  
  26  2:18  Drone  
  26  2:22  Drone  
  29  2:24  Drone  
  30  2:33  Overlord  
  30  2:34  Drone  
  31  2:38  Extractor  
  31  2:43  Queen  
  32  2:48  Queen  
  32  2:51  Drone  
  36  2:58  Drone x2  
  36  2:59  Drone, Extractor x2  
  36  3:00  Drone  
  38  3:08  Drone x3  
  41  3:17  Drone x3  
  44  3:24  Queen  
  46  3:32  Drone x4  
  50  3:50  Evolution Chamber  
  50  3:52  Roach Warren  
  47  4:07  Lair  
  47  4:11  Drone x2  
  47  4:12  Overlord  
  47  4:14  Overlord  
  49  4:19  Zerg Missile Weapons Level 1, Drone x2, Extractor x2  
  49  4:34  Drone  
  49  4:35  Drone x2  
  49  4:36  Roach x2  
  49  4:37  Drone, Roach x2  
  49  4:38  Drone x2  
  63  4:39  Drone  
  64  4:47  Overlord x2  
  64  4:51  Overlord  
  61  5:08  Queen  
  61  5:09  Ravager x3  
  61  5:11  Drone  
  61  5:12  Drone x11  
  78  5:15  Roach  
  78  5:16  Roach x2  
  78  5:19  Overseer  
  84  5:22  Spore Crawler  
  84  5:23  Spore Crawler  
  84  5:24  Drone  
  82  5:48  Drone  
  82  5:49  Overlord x3  
  83  5:51  Hydralisk Den  
  82  6:02  Overlord x3  
  82  6:11  Roach x9  
  100  6:21  Overlord  
  98  6:26  Extractor  
  98  6:27  Extractor  
  91  6:34  Drone x4  
  91  6:35  Drone x4  
  91  6:38  Drone x2  
  100  6:42  Hydralisk  
  102  6:52  Drone x3  
  104  6:55  Hatchery  
  99  7:02  Drone x5  
  104  7:14  Drone x3  
  107  7:15  Drone  
  107  7:16  Drone  
  107  7:21  Drone x2  
  112  7:22  Drone  
  112  7:24  Zerg Missile Weapons Level 2  
  112  7:27  Muscular Augments  
  112  7:28  Metabolic Boost  
  112  7:35  Spore Crawler  
  112  7:36  Hydralisk  
  112  7:37  Hydralisk x3  
  111  7:43  Zergling x4  
  121  7:47  Zergling x8  
  121  7:49  Glial Reconstitution  
  125  7:53  Zergling x2  
  125  7:55  Hydralisk x3  
  125  7:56  Hydralisk  
  118  8:20  Hydralisk  
  118  8:21  Hydralisk x8  
  118  8:22  Hatchery  
  106  8:37  Drone x2  
  106  8:38  Drone x3  
  111  8:42  Lurker Den  
  111  8:43  Hydralisk x2  
  111  8:44  Hydralisk x3  
  111  8:47  Zergling x6  
  124  8:54  Spore Crawler  
  124  8:55  Zergling x6  
  124  9:04  Drone x3  
  124  9:05  Drone x3  
  124  9:09  Roach x2  
  134  9:11  Roach  
  134  9:12  Overlord  
  136  9:19  Roach  
  138  9:26  Roach x3  
  138  9:27  Overlord x4  
  138  9:28  Overlord x2  
  144  9:34  Hatchery  
  144  9:35  Evolution Chamber, Baneling Nest  
  141  9:39  Hydralisk  
  141  9:40  Hydralisk x3  
  149  9:47  Extractor  
  149  9:48  Extractor  
  149  9:51  Hydralisk x5  
  157  9:55  Drone x3  
  157  9:56  Drone x2  
  161  10:01  Roach x2  
  161  10:02  Roach x4  
  168  10:19  Lurker  
  168  10:20  Lurker  
  168  10:21  Lurker x4  
  172  10:22  Zergling x2  
  172  10:23  Zergling x14  
  180  10:35  Roach x6  
  192  10:38  Overlord x4  
  179  10:54  Zergling x2  
  179  10:55  Zergling x10  
  184  11:00  Zergling x4  
  179  11:06  Overseer x3  
  179  11:07  Zergling x6  
  179  11:08  Zergling x4  
  184  11:14  Baneling x10  
  184  11:18  Roach x4  
  188  11:20  Roach  
  176  11:37  Hydralisk  
  176  11:38  Hydralisk x6  
  186  11:43  Roach x2  
  181  11:50  Roach  
  181  11:51  Roach  
  181  11:53  Hydralisk x2  
  174  11:59  Hydralisk x2  
  168  12:18  Drone x3  
  168  12:19  Drone x3  
  170  12:24  Lurker x4  
  170  12:25  Lurker x3, Zergling x4  
  170  12:26  Zergling x2  
  180  12:35  Hatchery  
  179  12:40  Centrifical Hooks, Zerg Ground Armor Level 1  
  179  12:41  Hatchery  
  179  12:42  Zergling x2, Zerg Melee Weapons Level 1  
  179  12:43  Zergling x16  
  179  12:44  Zergling x4  
  189  12:52  Zergling x10  
  189  12:54  Hatchery, Queen  
  195  13:06  Hydralisk  
  195  13:07  Hydralisk  
  196  13:24  Roach x2  
  200  13:28  Infestation Pit  
  199  13:38  Overlord x2  
  175  13:49  Roach  
  175  13:50  Roach x11  
  175  13:53  Zergling x6  
  175  13:55  Overlord  
  197  14:03  Zergling x2  
  197  14:04  Zergling x2  
  193  14:22  Zergling x2  
  193  14:23  Zergling x22  
Tags
 
Add a new tag
Caveats
  • Supply blocks, unpowered buildings, or Contaminate may cause inaccurate times.
  • Supply counts are checked every 10 seconds.